Map: Catalyst LE

Players

Gumby

  • Race: Terran Terran
  • League: Diamond
  • Spawn Location: 5:00

Dutchkid - Winner!

  • Race: Zerg Zerg
  • League: Diamond
  • Spawn Location: 11:00

VOD

Have the link to the VOD?

Description

Time

  • Played on: March 4, 2018, 9:46 a.m.
  • Length: 7:45
Show
View Real Time Build Order
Export as new Build Order

Gumby Terran 

Build Orders:  

Get SALT Encoding   

  12  0:01  SCV  
  13  0:13  SCV  
  14  0:24  Supply Depot  
  14  0:26  SCV  
  15  0:36  Refinery  
  15  0:45  SCV  
  15  0:47  Barracks  
  16  0:57  SCV  
  17  1:10  SCV  
  18  1:16  Refinery  
  19  1:32  Barracks  
  18  1:34  Marine  
  19  1:40  Factory  
  19  1:47  Orbital Command  
  19  1:52  Barracks Reactor  
  18  2:24  Marine  
  19  2:34  SCV  
  21  2:40  Factory Tech Lab, Starport  
  20  2:52  SCV  
  20  2:55  Marine  
  23  3:07  Supply Depot  
  21  3:18  Viking  
  23  3:25  Siege Tank, Viking  
  27  3:35  SCV  
  28  3:47  SCV  
  29  3:49  Command Center  
  29  3:52  Medivac  
  31  4:16  Viking  
  33  4:28  Viking  
  33  4:29  SCV  
  36  4:41  SCV  
  37  4:53  SCV  
  37  4:55  Command Center  
  37  4:58  Liberator  
  38  5:10  Orbital Command  
  38  5:13  Siege Tank  
  44  5:25  SCV  
  45  5:40  Liberator  
  43  5:55  SCV  
  47  6:39  SCV  
  49  6:40  Orbital Command  
  49  6:41  Command Center  
  49  6:42  Siege Tank  
  51  6:55  Orbital Command  
  51  7:20  SCV x2  
  51  7:21  SCV  
  54  7:32  SCV  
Show
View Real Time Build Order
Export as new Build Order

Dutchkid Zerg - Winner!

Build Orders: Hatch First 

Get SALT Encoding   

  12  0:00  Drone  
  13  0:13  Overlord  
  13  0:17  Drone  
  14  0:31  Drone x2  
  14  0:35  Drone  
  17  0:53  Hatchery  
  17  0:57  Drone  
  17  0:59  Extractor  
  17  1:00  Drone  
  17  1:16  Spawning Pool  
  17  1:18  Drone  
  17  1:21  Drone  
  18  1:28  Drone  
  19  1:40  Overlord  
  19  1:51  Drone  
  20  2:02  Queen  
  20  2:03  Metabolic Boost  
  20  2:04  Queen  
  20  2:07  Zergling x2  
  25  2:24  Spine Crawler  
  25  2:25  Spine Crawler  
  25  2:27  Zergling x4  
  26  2:52  Hatchery  
  25  2:59  Drone x3  
  25  3:00  Drone x3  
  31  3:18  Drone x3  
  31  3:19  Drone x2  
  36  3:20  Overlord  
  36  3:24  Overlord  
  36  3:41  Spore Crawler  
  36  3:43  Spore Crawler  
  36  3:46  Queen, Extractor  
  35  3:50  Drone x3  
  35  3:52  Zergling x8  
  42  3:56  Queen  
  41  4:12  Drone x3  
  41  4:16  Roach Warren  
  43  4:18  Drone x3, Evolution Chamber  
  45  4:30  Queen  
  47  4:36  Overlord x2  
  47  4:38  Drone x2  
  49  4:44  Zerg Missile Weapons Level 1  
  49  4:53  Overlord x2  
  49  5:03  Drone x2, Extractor  
  49  5:04  Drone  
  51  5:07  Drone  
  51  5:08  Drone x5  
  57  5:14  Lair  
  56  5:24  Roach  
  56  5:25  Roach x3  
  62  5:35  Spine Crawler  
  61  5:39  Zergling x2  
  61  5:40  Zergling x10  
  66  5:52  Roach x4  
  66  5:54  Overlord  
  66  5:55  Overlord  
  74  6:15  Roach  
  74  6:16  Roach x7  
  90  6:28  Spore Crawler  
  89  6:44  Drone  
  89  6:46  Overlord x4, Extractor  
  89  7:00  Ravager  
  90  7:05  Drone x3  
  90  7:07  Ravager x5  
  98  7:14  Extractor  
  98  7:15  Extractor  
  96  7:16  Drone  
  96  7:17  Drone x9  
Tags
 
Add a new tag
Caveats
  • Supply blocks, unpowered buildings, or Contaminate may cause inaccurate times.
  • Supply counts are checked every 10 seconds.